 Dungeon Crawl Stone Soup version 0.24.1-4-ge52af88ad5 (webtiles) character file.

Game seed: 6991714699828477725, levelgen mode: deterministic

36 lepoulpe303 the Ruffian (level 3, 0/28 HPs)
             Began as a Draconian Transmuter on Apr 16, 2020.
             Slain by a leopard gecko (1 damage)
             ... on level 1 of the Dungeon.
             The game lasted 00:02:55 (659 turns).

lepoulpe303 the Ruffian (Draconian Transmuter)       Turns: 659, Time: 00:02:56

Health: 0/28       AC:  5    Str: 12    XL:     3   Next: 19%
Magic:  3/6        EV: 12    Int: 14    God:
Gold:   59         SH:  0    Dex: 11    Spells: 4/7 levels left

rFire    . . .     SeeInvis .     - Unarmed
rCold    . . .     Gourm    .   (no shield)
rNeg     . . .     Faith    .   (armour unavailable)
rPois    .         Spirit   .   (helmet restricted)
rElec    .         Reflect  .   (no cloak)
rCorr    .         Harm     .   (no gloves)
MR       .....                  (boots currently unavailable)
Stlth    +.........             (no amulet)
HPRegen  0.09/turn              (no ring)
MPRegen  0.10/turn              (no ring)

@: appendage
A: unfitting armour, talons 3, cold-blooded, AC +5
a: End Transformation


You were on level 1 of the Dungeon.
You were not hungry.
You had grown temporary talons.
You visited 1 branch of the dungeon, and saw 1 of its levels.

You collected 59 gold pieces.

Inventory:

Missiles
 Q - 11 arrows
Scrolls
 c - a scroll of identify {unknown}
 d - a scroll of enchant weapon {unknown}
Potions
 b - 2 potions of heal wounds {unknown}
Comestibles
 a - 2 chunks of flesh
 e - 3 rations


   Skills:
 + Level 1.5 Fighting
 + Level 2.0 Dodging
 + Level 3.2 Unarmed Combat
 * Level 2.5 Spellcasting
 * Level 2.5 Transmutations


You had 4 spell levels left.
You knew the following spells:

 Your Spells              Type           Power        Failure   Level  Hunger
a - Beastly Appendage     Tmut           #.....       9%          1    #......
s - Sticks to Snakes      Tmut           #.......     12%         2    ###....

Your spell library contained the following spells:

 Spells                   Type           Power        Failure   Level  Hunger
 Spider Form              Tmut/Pois      #.........   38%         3    ###....
 Ice Form                 Ice/Tmut       #.......     80%         4    #####..
 Blade Hands              Tmut           #.........   92%         5    ######.


Dungeon Overview and Level Annotations

Branches:
Dungeon (1/15)

Altars:


Innate Abilities, Weirdness & Mutations

Your plain brown scales are hard. (AC +5)
You cannot fit into any form of body armour.
You are cold-blooded and may be slowed by cold attacks.
You have claws for feet.


Message History

* * * LOW HITPOINT WARNING * * *
The leopard gecko bites you but does no damage.
You take 5 damage, and have 6/28 hp.
You hit the dart slug. The leopard gecko barely misses you.
The dart slug barely misses you.
Your feet morph into talons.
The leopard gecko closely misses you.
You barely miss the dart slug. The leopard gecko bites you.
* * * LOW HITPOINT WARNING * * *
The dart slug bites you.
* * * LOW HITPOINT WARNING * * *
Your magical contamination has completely faded away.
You take 5 damage, and have 2/28 hp.
You create a snake!
You now have 11 arrows.
The leopard gecko bites you.
* * * LOW HITPOINT WARNING * * *
The dart slug bites you but does no damage.
You take 1 damage, and have 1/28 hp.
You now have 3/6 mp.
The leopard gecko closely misses you.
You swap places.
The leopard gecko closely misses you. The leopard gecko bites you.
You die...

#..# ##..###.. ...# ....
... .# ..##..# #..# #.# .#
..##..# #..# #.# ..#
..##..#######..###.# ...##
##
..##......>......#†##.....
. ..##.......#......)...#
#.##
#.##..#...)÷.....l#.#.#
#.#. .....###.#)#....@Sw.#
#..# .÷....#.##.#.)...####
###. ...#.#.###.##..######
#. .....### #.##.......#
#. #.#### #.###(####.#. ##
#.# #.# #.###.... #.#
#.###(....# #.#
#.....###.... ######## #.#
#####.# #. #.......


You could see a dart slug, a leopard gecko and a friendly ball python.

Levels and vault maps discovered:
D:1:      lightli_arrival_flooded_house, layout_loops_ring,
          hangedman_glass_teeth, minmay_tromino_v4_a

Notes
Turn   | Place    | Note
-------+----------+-------------------------------------------
     0 | D:1      | lepoulpe303 the Draconian Transmuter began the quest for
                  | the Orb.
     0 | D:1      | Reached XP level 1. HP: 16/16 MP: 3/3
   163 | D:1      | Reached XP level 2. HP: 15/23 MP: 3/5
   300 | D:1      | Identified a cursed +0 dagger
   392 | D:1      | Identified a +0 dagger
   407 | D:1      | Reached skill level 2 in Dodging
   478 | D:1      | Identified a +0 short sword
   480 | D:1      | Identified a +0 club
   480 | D:1      | Identified an uncursed amulet of rage
   482 | D:1      | Identified a +0 club
   484 | D:1      | Identified a +0 club
   507 | D:1      | Reached XP level 3. HP: 16/28 MP: 4/6
   525 | D:1      | Learned a level 2 spell: Sticks to Snakes
   532 | D:1      | Identified a +0 club
   653 | D:1      | HP: 6/28 [dart slug/slug dart (5)]
   656 | D:1      | HP: 2/28 [dart slug (1)]
   659 | D:1      | Slain by a leopard gecko

Table legend:
 A = Turns spent in this place as a percentage of turns spent in the entire game.
 B = Non-inter-level travel turns spent in this place as a percentage of non-inter-level travel turns spent in the entire game.
 C = Inter-level travel turns spent in this place as a percentage of turns spent in this place.
 D = Turns resting spent in this place as a percentage of non-inter-level travel turns spent in this place.
 E = Turns spent auto-exploring this place as a percentage of non-inter-level travel turns spent in this place.
 F = Non-inter-level travel turns spent in this place divided by the number of levels of this place that you've seen.
                   A       B       C       D       E      F
               +-------+-------+-------+-------+-------+----------------------
         Total | 100.0 | 100.0 |   0.0 |  36.7 |  33.5 | 659.0
       Dungeon | 100.0 | 100.0 |   0.0 |  36.7 |  33.5 | 659.0
               +-------+-------+-------+-------+-------+----------------------

Table legend:
 A = Kills in this place as a percentage of kills in entire the game.
 B = Kills by you in this place as a percentage of kills by you in the entire game.
 C = Kills by friends in this place as a percentage of kills by friends in the entire game.
 D = Other kills in this place as a percentage of other kills in the entire game.
 E = Experience gained in this place as a percentage of experience gained in the entire game.
 F = Experience gained in this place divided by the number of levels of this place that you have seen.
                   A       B       C       D       E      F
               +-------+-------+-------+-------+-------+----------------------
         Total | 100.0 | 100.0 |   N/A |   N/A | 100.0 |  52.0
       Dungeon | 100.0 | 100.0 |   N/A |   N/A | 100.0 |  52.0
               +-------+-------+-------+-------+-------+----------------------

Skill      XL: |  1  2 |
---------------+-------+-----
Dodging        | 2 |  2.0
Fighting       | |  1.5
Unarmed Combat | |  3.2
Spellcasting   | |  2.5
Transmutations | |  2.5

Action                   || total
-------------------------++-------
Melee: Unarmed           ||    89
       Kick              ||     8
       Tailslap          ||     7
       Headbutt          ||     3
 Cast: Beastly Appendage ||    12
       Sticks to Snakes  ||     1
Armor: Skin              ||    38
Dodge: Dodged            ||    70

Vanquished Creatures
  2 dart slugs (D:1)
  A leopard gecko (D:1)
  A ball python (D:1)
  A giant cockroach (D:1)
  7 goblins (D:1)
  4 hobgoblins (D:1)
  5 bats (D:1)
  2 frilled lizards (D:1)
  2 kobolds (D:1)
  3 rats (D:1)
28 creatures vanquished.
